 Dungeon Crawl Stone Soup version 0.27.1-33-g824d729ab1 (webtiles) character file.

Game seed: 7846310069548848158

19798 Destapler the Fighter (level 12, -6/107 (113) HPs)
             Began as a Hill Orc Fighter on Dec 23, 2021.
             Was a Priest of Yredelemnul.
             Mangled by a sixfirhy (11 damage)
             ... summoned by an orc high priest
             ... on level 2 of the Orcish Mines on Dec 24, 2021.
             The game lasted 00:54:46 (16639 turns).

Destapler the Fighter (Hill Orc Fighter)           Turns: 16639, Time: 00:54:47

HP:   -6/107 (113)  AC: 18    Str: 23      XL:     12   Next: 72%
MP:   19/19         EV: 11    Int:  8 (11) God:    Yredelemnul [***...]
Gold: 1061          SH: 12    Dex: 11      Spells: 11/11 levels left

rFire    + . .     SeeInvis .   a - +9 hand axe of Plog {freeze, +Rage Int+3}
rCold    + . .     Faith    .   c - +1 kite shield
rNeg     . . .     Spirit   .   L - +7 Kryia's mail coat {PotionHeal*2 rC+}
rPois    .         Reflect  .   G - +2 hat
rElec    .         Harm     .   (no cloak)
rCorr    .         Rampage  .   g - +0 pair of gloves
Will     .....                  (no boots)
Stlth    +.........             (no amulet)
HPRegen  0.27/turn              t - ring of protection from fire
MPRegen  0.16/turn              (no ring)

@: drained
A: deterioration 1
a: Renounce Religion, Convert to Beogh, Evoke Berserk Rage, Recall Undead
Slaves, Injury Mirror, Animate Dead


You were on level 2 of the Orcish Mines.
You worshipped Yredelemnul.
Yredelemnul was most pleased with you.
You visited 2 branches of the dungeon, and saw 14 of its levels.
You also visited: Sewer.

You collected 1061 gold pieces.

Inventory:

Hand Weapons
 a - the +9 hand axe of Plog (weapon) {freeze, +Rage Int+3}
   (You found it on level 6 of the Dungeon)

   It freezes those it strikes, dealing additional cold damage.
   It can also slow down cold-blooded creatures.
   Int:       It affects your intelligence (+3).
   +Rage:     It lets you go berserk.
 b - the +10 falchion of Sharkskin {venom, rF- MP+9 Int+8 Dex-4}
   (You found it on level 4 of the Dungeon)

   It poisons the flesh of those it strikes.
   Int:       It affects your intelligence (+8).
   Dex:       It affects your dexterity (-4).
   rF:        It makes you vulnerable to fire.
   MP:        It affects your magic capacity (+9).
 H - a +1 scimitar of flaming
Missiles
 i - 2 atropa-tipped darts
 m - 26 boomerangs (quivered)
 p - 4 throwing nets
 r - 62 poisoned darts
 s - a javelin
Armour
 c - a +1 kite shield (worn)
 g - a +0 pair of gloves (worn)
 o - a +0 scale mail
 x - a +0 chain mail
 G - a +2 hat (worn)
 L - the +7 Kryia's mail coat (worn) {PotionHeal*2 rC+}
   (You found it on level 11 of the Dungeon)

   Potions are twice as effective at healing its wearer.
   rC:        It protects you from cold.
Jewellery
 t - a ring of protection from fire (left hand)
Wands
 k - a wand of acid (21)
 q - a wand of digging (6)
 w - a wand of polymorph (9)
 F - a wand of paralysis (5)
 M - a wand of flame (22)
 N - a wand of charming (11)
Scrolls
 d - a scroll of fear {unknown}
 h - 4 scrolls of immolation {unknown}
 u - 2 scrolls of enchant weapon {unknown}
 v - 4 scrolls of identify
 y - 5 scrolls of amnesia {unknown}
 z - a scroll of torment {unknown}
 B - 5 scrolls of teleportation {unknown}
 C - a scroll of enchant armour
 E - 3 scrolls of fog {unknown}
 J - 4 scrolls of blinking {unknown}
 P - 3 scrolls of holy word {unknown}
Potions
 e - a potion of mutation
 f - 3 potions of heal wounds
 j - 9 potions of curing
 l - a potion of flight {unknown}
 n - a potion of cancellation
 A - a potion of lignification {unknown}
 D - 2 potions of ambrosia {unknown}
 I - 3 potions of magic
 K - 3 potions of brilliance {unknown}
 O - a potion of resistance


   Skills:
 + Level 12.3 Fighting
 + Level 6.6 Long Blades
 + Level 7.1 Axes
 - Level 6.0 Throwing
 + Level 8.5 Armour
 - Level 6.0 Dodging
 - Level 3.0 Stealth
 + Level 8.5 Shields
 + Level 9.6 Invocations
 - Level 6.0 Evocations


You had 11 spell levels left.
You didn't know any spells.
Your spell library contained the following spells:

 Spells                   Type           Power      Damage    Failure   Level
 Frozen Ramparts          Ice            0%         1d2       100%        3
 Ice Form                 Ice/Tmut       0%         N/A       100%        4
 Summon Ice Beast         Ice/Summ       0%         N/A       100%        4


Dungeon Overview and Level Annotations

Branches:
Dungeon (12/15)            Temple (0/1) D:5            Lair (0/6) D:11
    Orc (2/2) D:11          Sewer (visited)
    Elf: Orc:2

Altars:
Elyvilon
Ru
Sif Muna
Yredelemnul
The Shining One
Beogh
Lugonu

Shops:
D:1 (   D:4 *   D:5 (   D:6 ?   D:7 *

Annotations:
D:11 2 transporters


Innate Abilities, Weirdness & Mutations

Your body sometimes deteriorates upon taking damage.


Message History

You slash the orc! You freeze the orc.
You kill the orc!
Yredelemnul accepts your kill.
You hit the sixfirhy. You freeze the sixfirhy. You block the sixfirhy's attack.
The sixfirhy hits you but does no damage. x2
You block the sixfirhy's attack. The sixfirhy closely misses you.
Unknown command.
You slash the sixfirhy! You freeze the sixfirhy.
The sixfirhy is moderately wounded.
The sixfirhy hits you. The sixfirhy shocks you!
The sixfirhy hits you but does no damage.
The red devil hits you but does no damage.
The orc wizard gestures wildly while chanting.
The orc wizard flickers and vanishes!
Deactivating autopickup; reactivate with Ctrl-A.
Things that are here:
a +0 hand axe; an orc corpse A warg comes into view.
The warg howls!
You hear a shout!
An orc warrior comes into view. It is wielding a +0 war axe.
The orc warrior shouts!
The sixfirhy hits you. The sixfirhy shocks you! The sixfirhy hits you.
The sixfirhy shocks you!
* * * LOW HITPOINT WARNING * * *
The sixfirhy barely misses you.
The orc sorcerer points at you and mumbles some strange words.
The bolt of negative energy misses the red devil.
The bolt of negative energy hits something!!
Reactivating autopickup.
The bolt of negative energy hits the red devil.
The red devil completely resists.
The bolt of negative energy hits the sixfirhy.
The sixfirhy completely resists.
The bolt of negative energy hits you!!
You feel drained.
* * * LOW HITPOINT WARNING * * *
The sixfirhy hits you.
* * * LOW HITPOINT WARNING * * *
The sixfirhy shocks you!
You die...
Your body rises from the dead as a mindless zombie.

...............
....................#
...................o.
...................h
..........[.........
...<..............#
..................#
.#........<.......# .
........[..)...@..## ..
....^..[[..[....3).## ...
......)).[[[.[[.#4<.# ....
..........)......)#####.....
...#.....[).....o44.8.oo....
......[...........oo.o4o....
#...$..............[.ooo..._
#...........o........o4.o...
.....#....#....$....8.ooo...


You could see an orc knight, an orc high priest, a sixfirhy (summoned), a warg,
an orc sorcerer, 2 red devils, 2 orc warriors and an orc priest.

Vanquished Creatures
  Erolcha (D:9)
  Harold (D:8)
  Erica (D:10)
  3 two-headed ogres
  2 tengu warriors (D:10)
  The ghost of Tzialkovskiy the Thaumaturge, a novice DsIE of Gozag (D:9)
  A cyclops (D:12)
  A manticore (D:10)
  Joseph (D:9)
  Psyche (D:8)
  A freezing wraith (D:10)
  The ghost of MisterT the Chopper, an amateur HOFi (D:5)
  A troll (D:12)
  3 slime creatures
  A flying skull (D:10)
  2 vampires
  8 yaks
  2 wyverns
  An acid dragon (D:10)
  A water moccasin (D:6)
  6 orc warriors
  An ice beast (D:8)
  A sky beast (D:6)
  A necrophage (D:4)
  7 ogres
  2 centaurs (D:8)
  2 phantoms
  A kobold brigand (D:9)
  5 bullfrogs
  A scorpion (D:4)
  A water moccasin skeleton (D:6)
  11 killer bees
  6 wights
  2 howler monkeys (D:9)
  A centaur zombie (D:5)
  8 orc priests
  2 gnoll shamans
  A jelly (D:7)
  2 iguanas
  12 orc wizards
  3 hound skeletons
  8 gnolls
  17 adders
  3 white imps
  An ufetubus (D:4)
  An adder skeleton (D:3)
  3 worms (D:2)
  4 dart slugs
  32 orcs
  5 bats
  7 endoplasms
  15 giant cockroaches
  8 goblins
  3 hobgoblins
  3 jackals
  13 quokkas
  3 training dummies (D:5)
  22 ball pythons
  6 frilled lizards
  11 kobolds
  5 rats
280 creatures vanquished.

Vanquished Creatures (collateral kills)
  Jorgrun (Orc:2)
  A centaur warrior (D:11)
  A two-headed ogre (D:12)
  An orc knight (Orc:2)
  2 orc sorcerers
  2 manticores (D:12)
  A gargoyle (D:10)
  4 yaks (D:7)
  A vampire (D:12)
  A basilisk (D:10)
  2 wyverns
  Menkaure (D:7)
  2 wargs (Orc:1)
  A water moccasin (D:8)
  An acid dragon (D:11)
  10 orc warriors
  A hornet zombie (D:7)
  3 centaurs
  A kobold brigand (D:7)
  A gnoll sergeant (D:9)
  9 killer bees
  3 wights (D:7)
  A howler monkey (D:9)
  A bullfrog zombie (D:6)
  2 centaur zombies
  A centaur skeleton (D:6)
  A jelly (D:6)
  7 orc priests
  5 orc wizards
  6 gnolls (D:9)
  A white imp (D:7)
  15 orcs
  2 kobolds (D:9)
92 creatures vanquished.

Vanquished Creatures (others)
  10 flying skulls
  A wraith (Orc:2)
  2 orc wizards
13 creatures vanquished.

Grand Total: 385 creatures vanquished

Notes
Turn   | Place    | Note
-------+----------+-------------------------------------------
     0 | D:1      | Destapler the Hill Orc Fighter began the quest for the Orb.
     0 | D:1      | Reached XP level 1. HP: 19/19 MP: 1/1
   325 | D:1      | Reached XP level 2. HP: 25/27 MP: 2/2
   594 | D:1      | Found Miherom's Weapon Shoppe.
   724 | D:1      | Found a faded altar of an unknown god.
   731 | D:1      | Became a worshipper of Yredelemnul the Dark
   731 | D:1      | Reached * piety under Yredelemnul
   895 | D:2      | Reached XP level 3. HP: 33/33 MP: 3/3
   921 | D:2      | Reached skill level 4 in Fighting
  1583 | D:2      | Noticed an ogre
  1588 | D:2      | Killed an ogre
  1589 | D:2      | Reached skill level 1 in Throwing
  1589 | D:2      | Reached skill level 1 in Dodging
  1589 | D:2      | Reached skill level 1 in Invocations
  1589 | D:2      | Reached XP level 4. HP: 41/41 MP: 3/5
  1589 | D:2      | Reached XP level 5. HP: 47/47 MP: 3/6
  2549 | D:3      | Reached ** piety under Yredelemnul
  3526 | D:4      | Found a sacrificial altar of Ru.
  3670 | D:4      | Identified the +10 falchion of Sharkskin {venom, rF- MP+9
                  | Int+8 Dex-4}
  3779 | D:4      | Found Max Bagoa's Gadget Gallery.
  3783 | D:4      | Reached XP level 6. HP: 51/53 MP: 7/7
  4190 | D:4      | Reached skill level 1 in Evocations
  4313 | D:4      | Noticed a necrophage
  4320 | D:4      | Killed a necrophage
  4321 | D:4      | Reached skill level 5 in Fighting
  4321 | D:4      | Reached XP level 7. HP: 46/61 MP: 9/9
  4623 | D:5      | Entered Level 5 of the Dungeon
  4629 | D:5      | Reached skill level 8 in Fighting
  4629 | D:5      | Reached skill level 5 in Dodging
  4629 | D:5      | Reached XP level 8. HP: 75/75 MP: 14/14
  4676 | D:5      | Found a staircase to the Ecumenical Temple.
  4873 | D:5      | Found a glowing drain.
  4893 | Sewer    | Entered a sewer
  4948 | Sewer    | Reached skill level 5 in Axes
  5064 | Sewer    | Reached *** piety under Yredelemnul
  5444 | D:5      | Found Wipoll's Firing Range.
  5723 | D:5      | Found a runed translucent door.
  5918 | D:5      | Found a glowing golden altar of the Shining One.
  6123 | D:5      | Noticed MisterT's ghost (amateur HOFi)
  6142 | D:5      | Killed MisterT's ghost
  6143 | D:5      | Reached XP level 9. HP: 33/82 MP: 15/15
  6491 | D:5      | Reached skill level 1 in Long Blades
  6941 | D:5      | Received a gift from Yredelemnul (2 flying skulls)
  6941 | D:5      | Reached skill level 1 in Stealth
  7339 | D:6      | Reached skill level 9 in Fighting
  7472 | D:6      | Found Latap's Magic Scroll Emporium.
  7494 | D:6      | Reached **** piety under Yredelemnul
  7721 | D:6      | Found a white marble altar of Elyvilon.
  7733 | D:6      | Identified the +9 hand axe of Plog {freeze, +Rage Int+3}
  7829 | D:7      | Noticed Menkaure
  7835 | D:7      | Killed Menkaure
  7852 | D:7      | Reached XP level 10. HP: 32/91 MP: 16/16
  8239 | D:7      | Found Beiduj's General Store.
  8855 | D:7      | Found a basalt altar of Yredelemnul.
  9645 | D:8      | Reached skill level 5 in Evocations
  9666 | D:8      | Noticed Psyche
  9679 | D:8      | Killed Psyche
 10143 | D:8      | Noticed a two-headed ogre
 10150 | D:8      | Killed a two-headed ogre
 10456 | D:7      | Received a gift from Yredelemnul (2 flying skulls)
 10457 | D:7      | Reached XP level 11. HP: 35/99 MP: 17/17
 10878 | D:8      | Noticed Harold
 10897 | D:8      | Killed Harold
 10898 | D:8      | Reached skill level 10 in Fighting
 10898 | D:8      | Reached skill level 5 in Throwing
 11352 | D:9      | Noticed Erolcha
 11369 | D:9      | Killed Erolcha
 11456 | D:9      | Noticed Joseph
 11464 | D:9      | Killed Joseph
 11740 | D:9      | Noticed a manticore
 11840 | D:9      | Received a gift from Yredelemnul (5 flying skulls)
 12617 | D:9      | Received a gift from Yredelemnul (3 flying skulls)
 12699 | D:9      | Found a runed translucent gate.
 12699 | D:9      | Found a runed translucent gate.
 12699 | D:9      | Found a runed translucent gate.
 12700 | D:9      | Noticed Tzialkovskiy's ghost (novice DsIE)
 12714 | D:9      | Killed Tzialkovskiy's ghost
 12805 | D:10     | Entered Level 10 of the Dungeon
 12957 | D:10     | Noticed Erica
 12971 | D:10     | Killed Erica
 13245 | D:10     | Noticed a tengu warrior
 13245 | D:10     | Noticed a tengu warrior
 13254 | D:10     | Killed a tengu warrior
 13257 | D:10     | Killed a tengu warrior
 13258 | D:10     | Reached skill level 11 in Fighting
 13401 | D:10     | Received a gift from Yredelemnul (a wraith)
 13497 | D:10     | Killed a manticore
 14249 | D:11     | Found a corrupted altar of Lugonu.
 14249 | D:11     | Noticed a purple ugly thing
 14249 | D:11     | Noticed a red ugly thing
 14249 | D:11     | Noticed a brown ugly thing
 14252 | D:11     | Noticed a red ugly thing
 14286 | D:11     | Found a transporter.
 14289 | D:11     | Found a transporter.
 14383 | D:11     | Received a gift from Yredelemnul (a vampire)
 14385 | D:11     | Reached XP level 12. HP: 103/110 MP: 18/18
 14405 | D:11     | Found a staircase to the Orcish Mines.
 14588 | D:11     | Noticed a centaur warrior
 14591 | D:11     | Found the +7 Kryia's mail coat {PotionHeal*2 rC+}
 14596 | D:11     | Found a staircase to the Lair.
 14599 | D:11     | Killed a centaur warrior
 14772 | D:11     | You fall into a shaft and drop 1 floor!
 14854 | D:12     | Noticed a two-headed ogre
 14874 | D:11     | Killed a two-headed ogre
 14875 | D:11     | Reached skill level 5 in Long Blades
 15275 | D:12     | Reached skill level 12 in Fighting
 15348 | D:12     | Noticed a two-headed ogre
 15356 | D:12     | Killed a two-headed ogre
 15668 | Orc:1    | Entered Level 1 of the Orcish Mines
 15668 | Orc:1    | Noticed a two-headed ogre
 15673 | Orc:1    | Killed a two-headed ogre
 15907 | Orc:1    | Found a roughly hewn altar of Beogh.
 16108 | Orc:1    | Found a shimmering blue altar of Sif Muna.
 16339 | Orc:2    | Entered Level 2 of the Orcish Mines
 16355 | Orc:2    | Noticed Jorgrun
 16374 | Orc:2    | Killed Jorgrun
 16606 | Orc:2    | Noticed an orc high priest
 16611 | Orc:2    | Found a roughly hewn altar of Beogh.
 16620 | Orc:1    | Noticed an orc high priest
 16622 | Orc:1    | Noticed a soul eater
 16622 | Orc:1    | Noticed a sun demon
 16625 | Orc:1    | Noticed a soul eater
 16631 | Orc:1    | Gained mutation: Your body sometimes deteriorates upon
                  | taking damage. [a neqoxec]
 16639 | Orc:2    | HP: 5/107 [sixfirhy[an orc high priest] (1)]
 16639 | Orc:2    | Mangled by a sixfirhy

Illustrated notes

Levels and vault maps discovered:
D:1:      elethiomel_arrival_infinity_welcomes_careful_drivers,
          layout_loops_cross, dreamdust_ecumenical_altar_hidden_monk_grotto,
          serial_shops, shop_fountains, chequers_serial_rivers_room_b
D:2:      minmay_chambers_of_ones, layout_loops_corners, minmay_tetromino_l2
D:3:      layout_basic, serial_co_window_serial, co_window_corner_a,
          co_window_corner_a, co_window_corner_a, co_window_corner_a,
          co_window_paths_b, co_window_corner_b, co_window_broadway_a,
          co_window_corner_cb, co_window_of_opportunity_c, co_window_cross_3,
          co_window_corner_b, co_window_corner_b, glass_columns_a,
          glass_columns_c, glass_columns_c, minivault_27
D:4:      minmay_razor_zed, layout_basic, mainiacjoe_overflow_boulevard,
          nicolae_shop_gadgets
D:5:      layout_basic, tso_altar, temple_doors_cd, ebering_ghost_sewer_d,
          portal_sewer_entry_f, nicolae_shop_firing_range
D:6:      layout_basic, nicolae_overflow_crystal_walls, serial_shops,
          shop_fountains
D:7:      layout_basic, lemuel_coloured_pillars_altar, serial_shops, shop,
          eino_jars, uniq_menkaure
D:8:      layout_basic, uniq_psyche, uniq_harold
D:9:      layout_basic, ebering_ghost_rock_garden, uniq_erolcha, uniq_joseph
D:10:     layout_basic, minmay_puff, uniq_erica
D:11:     gammafunk_corrupted_shrine, layout_basic, lair_entry_dummy,
          david_orc_4
D:12:     layout_irregular_city
Orc:1:    layout_diamond_mine, basic_altar, kennysheep_orc_sif_temple
Orc:2:    grunt_orc_cross, layout_caves, uniq_jorgrun

Skill      XL: |  1  2  3  4  5  6  7  8  9 10 11 12 |
---------------+-------------------------------------+-----
Axes           | 3 4 6 7 |  7.1
Fighting       | 4 5 8 9 11 12 | 12.3
Throwing       | 1 4 5 6 |  6.0
Armour         | 4 6 7 8 |  8.5
Dodging        | 1 5 6 |  6.0
Invocations    | 1 2 3 8 9 |  9.6
Shields        | 4 6 7 8 |  8.5
Evocations     | 1 4 5 6 |  6.0
Long Blades    | 2 3 4 6 |  6.6
Stealth        | 1 2 3 |  3.0

Action                   |  1- 3 |  4- 6 |  7- 9 | 10-12 || total
-------------------------+-------+-------+-------+-------++-------
Melee: War axe           |    96 |   104 |       |       ||   200
       Falchion          |       |    34 |   218 |    68 ||   320
       Hand axe          |       |       |       |   337 ||   337
Throw: Dart              |       |       |     6 |     9 ||    15
       Boomerang         |       |       |       |    15 ||    15
       Javelin           |       |       |       |     1 ||     1
       Throwing net      |       |       |       |     1 ||     1
Invok: Injury Mirror     |       |       |     1 |     3 ||     4
       Recall Undead Sla |       |       |       |     3 ||     3
 Abil: Evoke Berserk Rag |       |       |       |     7 ||     7
Evoke: Wand              |       |       |       |     5 ||     5
  Use: Potion            |     1 |     1 |     2 |     3 ||     7
       Scroll            |       |       |     5 |     2 ||     7
 Stab: Distracted        |       |       |       |     3 ||     3
       Paralysed         |       |       |       |     3 ||     3
Armor: Scale mail        |    51 |    71 |    71 |    71 ||   264
       Chain mail        |       |       |       |   112 ||   112
Dodge: Dodged            |    55 |    82 |    82 |   143 ||   362
Block: Kite shield       |    15 |       |   155 |   247 ||   417
       Rpst.: Falchion   |       |     6 |    19 |     3 ||    28
